 Dungeon Crawl Stone Soup version 0.30.1-4-g462c640d31 (webtiles) character file.

Game seed: 7930912946540901449

108 growler the Trooper (level 4, -4/38 HPs)
             Began as a Demonspawn Gladiator on Aug 15, 2023.
             Slain by a gnoll
             ... wielding a +0 halberd
             ... led by a gnoll bouda
              (13 damage)
             ... on level 3 of the Dungeon.
             The game lasted 00:03:38 (1821 turns).

growler the Trooper (Demonspawn Gladiator)          Turns: 1821, Time: 00:03:40

Health: -4/38      AC:  6    Str: 14    XL:     4   Next: 58%
Magic:  4/4        EV: 12    Int: 12    God:
Gold:   117        SH:  0    Dex: 14    Spells: 3/3 levels left

rFire   . . .        a - +0 war axe
rCold   . . .        (no shield)
rNeg    . . .        b - +0 leather armour
rPois   .            c - +0 helmet
rElec   .            (no cloak)
rCorr   .            (no gloves)
SInv    .            (no boots)
Will    .....        (no amulet)
Stlth   +            (no ring)
HPRegen 0.26/turn    (no ring)
MPRegen 0.09/turn

%: no passive effects
@: no status effects
A: icy blue scales 1, demonic touch 1
a: no special abilities


You were on level 3 of the Dungeon.
You visited 1 branch of the dungeon, and saw 3 of its levels.

You collected 117 gold pieces.

Inventory:

Hand Weapons
 a - a +0 war axe (weapon)
Missiles
 d - 3 throwing nets (quivered)
 e - a javelin
Armour
 b - a +0 leather armour (worn)
 c - a +0 helmet (worn)
Jewellery
 f - a ring of protection from cold
 g - a +6 ring of strength
 r - a +6 ring of strength
Scrolls
 h - a scroll of silence {unknown}
 j - a scroll of acquirement {unknown}
 k - 3 scrolls of teleportation {unknown}
 l - a scroll of identify {unknown}
 m - a scroll of poison {unknown}
 n - a scroll of noise {unknown}
Potions
 i - a potion of mutation {unknown}
 o - a potion of flight {unknown}
 p - a potion of berserk rage {unknown}
 q - a potion of invisibility {unknown}
 s - a potion of heal wounds {unknown}


   Skills:
 + Level 4.8 Fighting
 - Level 2.7 Axes
 - Level 1.8 Throwing
 - Level 2.7 Dodging


You had 3 spell levels left.
You didn't know any spells.
Your spell library contained the following spells:

 Spells                   Type           Power      Damage    Failure   Level
 Summon Lightning Spire   Summ/Air       0%         N/A       99%         4
 Storm Form               Tmut/Air       0%         N/A       100%        7
 Maxwell's Capacitive Co  Air            0%         ∞         100%        8


Dungeon Overview and Level Annotations

Branches:
Dungeon (3/15)

Altars:

Shops:
D:2 :


Innate Abilities, Weirdness & Mutations

You are partially covered in icy blue scales. (AC +2)
Your touch may inflict minor irresistible damage on your foes.


Message History

Found a stone staircase leading down.
The gnoll shouts! x2; You hear a shout!
The ball python barely misses you. x2
You slash the ball python!
You kill the ball python!
A gnoll comes into view. It is wielding a +0 halberd.
A gnoll bouda comes into view. It is wielding a +0 whip.
The gnoll misses you. The gnoll closely misses you.
You completely miss the gnoll.
The gnoll bouda shouts!
You hit the gnoll. The gnoll closely misses you. The gnoll barely misses you.
The gnoll bouda barks out a call to the hunt!
The gnolls pick up the pace!
A gnoll comes into view. It is wielding a +0 flail.
The gnoll closely misses you. The gnoll hits you but does no damage.
The gnoll shouts!
You slash the gnoll!
You kill the gnoll!
You closely miss the gnoll.
An adder comes into view.
The adder hisses angrily.
You slash the gnoll!
You touch the gnoll.
You kill the gnoll!
You hear a shout!
The gnoll misses you.
The gnoll bouda barks out a call to the hunt!
The gnoll hits you from afar with a +0 halberd!
The gnoll completely misses you. The gnoll misses you.
You closely miss the gnoll bouda. You hit the gnoll but do no damage. x2
The gnoll hits you with a +0 flail! The gnoll barely misses you.
The gnoll bouda barely misses you. The gnoll hits you with a +0 flail.
The gnoll hits you but does no damage.
You hit the gnoll bouda but do no damage.
You touch the gnoll bouda.
The gnoll bouda is moderately wounded.
You barely miss the gnoll. You slash the gnoll!
The gnoll bouda hits you with a +0 whip!
* * * LOW HITPOINT WARNING * * *
The gnoll barely misses you. The gnoll hits you with a +0 halberd!
You die...

..# #.# #.. #.# #.# #.#
#.. #.# #.# #.# #.#
#########.# #.##
<.........#####..#
................@#
..............)ggg......
#########.####.....>..##
#.# .......#....
#.##.#....## #..
#.##.#...## . #.## #...#
.. ###.#


You could see a gnoll bouda and 2 gnolls.

Vanquished Creatures
  Robin (D:2)
  2 gnolls (D:3)
  An adder (D:2)
  2 worms (D:2)
  2 bats (D:2)
  5 endoplasms
  2 giant cockroaches
  13 goblins
  5 hobgoblins
  3 jackals (D:2)
  5 kobolds
  3 quokkas
  6 ball pythons
  3 frilled lizards (D:1)
  8 rats
61 creatures vanquished.

Notes
Turn   | Place    | Note
-------+----------+-------------------------------------------
     0 | D:1      | growler the Demonspawn Gladiator began the quest for the
                  | Orb.
     0 | D:1      | Reached XP level 1. HP: 16/16 MP: 1/1
   124 | D:1      | Gained mutation: Your touch may inflict minor irresistible
                  | damage on your foes. [demonic ancestry]
   124 | D:1      | Reached XP level 2. HP: 18/23 MP: 2/2
   201 | D:1      | Reached skill level 3 in Fighting
   300 | D:1      | Found a faded altar of an unknown god.
   752 | D:2      | Reached XP level 3. HP: 29/29 MP: 3/3
   806 | D:2      | Found Inamis's Book Emporium.
   843 | D:2      | Noticed Robin
   859 | D:2      | Killed Robin
   860 | D:2      | Reached skill level 4 in Fighting
  1184 | D:2      | Gained mutation: You are partially covered in icy blue
                  | scales. (AC +2) [demonic ancestry]
  1184 | D:2      | Reached XP level 4. HP: 34/38 MP: 4/4
  1821 | D:3      | Slain by a gnoll

Illustrated notes

Levels and vault maps discovered:
D:1:      psy_arrival_statuary, layout_basic,
          shapermc_ecumenical_altar_mp_vishouse
D:2:      layout_basic, serial_shops, shop, chequers_serial_rivers_small_3,
          minmay_vboxes, uniq_robin
D:3:      layout_rooms

Skill      XL: |  1  2  3 |
---------------+----------+-----
Fighting       | 3 4 |  4.8
Axes           | |  2.7
Throwing       | |  1.8
Dodging        | |  2.7

Action                     |  1- 3 |  4- 6 || total
---------------------------+-------+-------++-------
  Melee: War axe           |    97 |    30 ||   127
         Punch             |     1 |       ||     1
         Touch             |    13 |     5 ||    18
 Armour: Leather armour    |    36 |     6 ||    42
  Dodge: Dodged            |    71 |    28 ||    99
